 Dungeon Crawl Stone Soup version 0.18-a0-1730-g73f0523 (webtiles) character file.

211 M4edhros the Sneak (level 5, -4/33 HPs)
             Began as an Octopode Artificer on Apr 10, 2016.
             Slain by Sigmund
             ... wielding a +0 scythe
              (7 damage)
             ... on level 4 of the Dungeon.
             The game lasted 00:02:37 (1369 turns).

M4edhros the Sneak (Octopode Artificer)             Turns: 1369, Time: 00:02:37

Health: -4/33      AC:  1    Str: 10    XL:     5   Next: 88%
Magic:  7/7        EV: 12    Int: 14    God:
Gold:   95         SH:  0    Dex: 14    Spells: 0 memorised, 4 levels left

rFire  . . .     SeeInvis .     j - +0 short sword (elec)
rCold  . . .     Gourm    .     (no shield)
rNeg   . . .     Faith    .     (helmet restricted)
rPois  .         Spirit   .     (no amulet)
rElec  .         Dismiss  .     (no ring)
rCorr  .         Reflect  .     (no ring)
SustAt .         Harm     .     (no ring)
MR     .....                    (no ring)
Stlth  ++........               (no ring)
                                (no ring)
                                (no ring)
                                (no ring)

@: confused, not resistant to hostile enchantments, unstealthy
A: almost no armour, amphibious, 8 rings, constrict 8, camouflage 1, gelatinous
body 1
a: no special abilities


You were on level 4 of the Dungeon.
You were hungry.

You visited 1 branch of the dungeon, and saw 4 of its levels.

You collected 95 gold pieces.

Inventory:

Hand Weapons
 a - a +0 short sword
 j - a +0 short sword of electrocution (weapon)
Missiles
 h - 20 stones (quivered)
 m - 56 sling bullets
Wands
 b - a wand of flame (14/48)
 c - a wand of enslavement (14/24)
 d - a wand of random effects (13/48)
Scrolls
 e - 2 scrolls of amnesia {unknown}
 i - 2 scrolls of recharging {unknown}
 k - 3 scrolls of identify {unknown}
 l - a scroll of enchant weapon {unknown}
 n - a scroll of teleportation {unknown}
 o - a scroll of noise {unknown}
Comestibles
 f - 3 bread rations
 g - a meat ration


   Skills:
 - Level 1.0 Fighting
 * Level 4.0 Short Blades
 - Level 2.0 Dodging
 + Level 5.6 Stealth
 - Level 3.2 Evocations


You had 4 spell levels left.
You didn't know any spells.

Dungeon Overview and Level Annotations

Branches:
Dungeon (4/15)
 Temple: D:4-7

Altars:
Dithmenos

Annotations:
D:4 Sigmund


Innate Abilities, Weirdness & Mutations

You cannot wear most types of armour.
You are amphibious.
You can wear up to eight rings at the same time.
You can use your tentacles to constrict eight enemies at once.
Your skin changes colour to match your surroundings (Stealth).
Your rubbery body absorbs attacks (AC +1).


Message History

* * * LOW HITPOINT WARNING * * *
You bump into the stone wall.
You bump into the rock wall.
You feel less confused.
Evoke which item? (* to show all) (? for menu, Esc to quit)
Zapping:
c - a wand of enslavement (15/24)
Press: ? - help, Shift-Dir - straight line, f/p - Sigmund
Aim: Sigmund, wielding a scythe and wearing a robe (chance to defeat MR: 62%) Sigmund resists with significant effort.
This wand has 14 charges left.
Sigmund gestures at you while chanting.
You are confused.
Evoke which item? (* to show all) (? for menu, Esc to quit)
Okay, then.
You bump into the rock wall.
Sigmund gestures at you while chanting.
You are more confused.
You bump into the rock wall.
Sigmund closely misses you.
Sigmund hits you from afar with a scythe!
You die...

#...#.#.# #.# #.#
##.##.##{# #.# #.#
#..#.###.# #.# #.# ###.##
#.# #.######.# #.## #.#
#.##.....#
#######.########.##.#####
.............@....#.#
########.#####..#.#)#####
#.# #@.#.#.))..# #.#
##.#.)..##.# #.#
.....>###.##.# #.#
####### #.##.# ..# #....#
### ######


You could see Sigmund.

Vanquished Creatures
  An orc priest (D:3)
  2 worker ants (D:4)
  A hound skeleton (D:4)
  3 gnolls (D:3)
  4 adders
  A dart slug (D:2)
  11 orcs
  4 bats
  3 giant cockroaches
  2 goblins (D:3)
  6 hobgoblins
  2 jackals (D:3)
  2 kobolds
  2 quokkas
  3 giant newts
  3 rats
50 creatures vanquished.

Notes
Turn   | Place    | Note
--------------------------------------------------------------
     0 | D:1      | M4edhros the Octopode Artificer began the quest for the Orb.
     0 | D:1      | Reached XP level 1. HP: 13/13 MP: 3/3
    58 | D:1      | Reached skill level 2 in Stealth
   154 | D:1      | Reached XP level 2. HP: 14/18 MP: 4/4
   172 | D:1      | Reached skill level 3 in Stealth
   485 | D:2      | Reached XP level 3. HP: 16/23 MP: 5/5
   604 | D:3      | Reached skill level 4 in Stealth
   608 | D:3      | Reached XP level 4. HP: 9/28 MP: 6/6
   828 | D:3      | Found a shadowy altar of Dithmenos.
   952 | D:3      | Reached XP level 5. HP: 25/33 MP: 7/7
  1023 | D:3      | Reached skill level 5 in Stealth
  1308 | D:4      | Noticed Sigmund
  1369 | D:4      | Slain by Sigmund

Vault maps used:
D:1:      roderic_crossed_star
D:3:      old_standard_altar, grunt_temple_overflow_lords_of_destruction,
          ecumenical_altar_2, first_bread, uniq_robin
D:4:      wad_crossroads, zin_treasury, okawaru_metal_pillars_1_2, uniq_sigmund

Skill      XL: |  1  2  3  4  5 |
---------------+----------------+-----
Stealth        | 2 3 4 5 |  5.6
Short Blades   | 2 3 4 |  4.0
Fighting       | |  1.0
Dodging        | |  2.0
Evocations     | |  3.2

Action                   |  1- 3 |  4- 6 || total
-------------------------+-------+-------++-------
Melee: Short sword       |    38 |    48 ||    86
Evoke: Wand              |     1 |     3 ||     4
  Use: Potion            |     4 |       ||     4
 Stab: Sleeping          |     9 |    13 ||    22
  Eat: Chunk             |       |     1 ||     1
